 Dungeon Crawl Stone Soup version 0.21-a0-128-gf2b353c (webtiles) character file.

94 namelastname112 the Insei (level 4, -11/36 HPs)
             Began as a Draconian Wanderer on July 16, 2017.
             Mangled by an ogre
             ... wielding a +0 giant club
              (13 damage)
             ... on level 3 of the Dungeon.
             The game lasted 00:03:21 (2632 turns).

namelastname112 the Insei (Draconian Wanderer)      Turns: 2632, Time: 00:03:22

Health: -11/36     AC:  7    Str: 11    XL:     4   Next: 38%
Magic:  5/5        EV: 13    Int: 15    God:
Gold:   69         SH:  0    Dex: 12    Spells: 3/3 levels left

rFire    . . .     SeeInvis .     - Unarmed
rCold    . . .     Gourm    .   (no shield)
rNeg     . . .     Faith    .   (armour unavailable)
rPois    .         Spirit   .   (helmet restricted)
rElec    .         Reflect  .   (no cloak)
rCorr    .         Harm     .   r - +1 pair of gloves
MR       .....                  (no boots)
Stlth    +.........             (no amulet)
HPRegen  0.12/turn              p - ring of loudness (curse)
MPRegen  0.09/turn              (no ring)

@: no status effects
A: unfitting armour, mutation resistance 1, cold-blooded, AC +5
a: no special abilities


You were on level 3 of the Dungeon.
You were not hungry.

You visited 1 branch of the dungeon, and saw 3 of its levels.

You collected 69 gold pieces.

Inventory:

Missiles
 a - 3 throwing nets (quivered)
Armour
 r - a +1 pair of gloves (worn)
Jewellery
 p - a cursed ring of loudness (left hand)
Wands
 c - a wand of random effects (12/48)
Scrolls
 b - a scroll of magic mapping {unknown}
 d - 8 scrolls of identify
 e - a scroll of fear {unknown}
 g - a scroll of fog {unknown}
 j - a scroll of enchant armour {unknown}
 n - 3 scrolls of teleportation {unknown}
 o - 2 scrolls of noise {unknown}
 q - a scroll of remove curse {unknown}
Potions
 i - a potion of brilliance
 m - 3 potions of curing
Comestibles
 f - 3 bread rations
 h - a fruit
 k - a meat ration
 l - 3 chunks of flesh


   Skills:
 - Level 2.1 Fighting
   Level 1.0(1.2) Polearms
   Level 1.0(1.2) Staves
 - Level 2.6 Dodging
 - Level 1.0 Stealth
 + Level 4.1 Unarmed Combat
 - Level 2.0 Evocations


You had 3 spell levels left.
You didn't know any spells.

Dungeon Overview and Level Annotations

Branches:
Dungeon (3/15)

Altars:
Dithmenos
Xom
The Shining One


Innate Abilities, Weirdness & Mutations

Your plain brown scales are hard. (AC +5)
You cannot fit into any form of body armour.
You are cold-blooded and may be slowed by cold attacks.
You are somewhat resistant to further mutation.


Message History

You hear an angry hiss.
The ogre barely misses you.
You take 16 damage, and have 14/36 hp.
MASSIVE DAMAGE!!
Evoke which item? (* to show all) (? for menu, Esc to quit)
Aiming: Random Effects
Press: ? - help, Shift-Dir - straight line, f/p - ogre
Aim: an ogre, wielding a giant club (severely wounded)
The ogre flickers and vanishes!
Deactivating autopickup; reactivate with Ctrl-A.
This wand has 12 charges left.
A giant cockroach comes into view.
The giant cockroach barely misses you. x2
You hit the giant cockroach.
The giant cockroach is heavily wounded.
Something hits you!
* * * LOW HITPOINT WARNING * * *
The giant cockroach misses you.
You take 14 damage, and have 2/36 hp.
MASSIVE DAMAGE!!
Something hits you!
You die...

#.......)............
##.#########......#.#
######.# #......#..
#......###### #......##.
#......##)..####......# .
#......#..........#.### #
####...#....#####.#.#####
#.###....##..#.......#
####.# #@...##..#...###.#
#.†..# #(s..##..#.#.....#
#.########.###....#.#.#..
#.##.....#.# #.####.#.###
#....###.#.###.#....#..).
###### #.#...†.#.#######.
#.#######.# #.
#######.#.......# ###
#.......#.####### #((


You could see a giant cockroach.

Vanquished Creatures
  Terence (D:3)
  2 adders (D:3)
  3 worms (D:2)
  A leopard gecko (D:1)
  3 orcs (D:3)
  3 bats
  A giant cockroach (D:3)
  4 goblins
  5 hobgoblins (D:2)
  3 jackals (D:1)
  4 kobolds
  A ball python (D:1)
  3 frilled lizards
  4 rats
38 creatures vanquished.

Notes
Turn   | Place    | Note
-------+----------+-------------------------------------------
     0 | D:1      | namelastname112 the Draconian Wanderer began the quest for the Orb.
     0 | D:1      | namelastname112 set off with: 3 throwing nets, a potion of lignification, a wand of random effects (15/48), a +0 club, a bread ration
     0 | D:1      | Reached XP level 1. HP: 17/17 MP: 2/2
   247 | D:1      | Reached skill level 1 in Unarmed Combat
   509 | D:1      | Reached XP level 2. HP: 24/24 MP: 3/3
   762 | D:1      | Reached skill level 2 in Unarmed Combat
  1382 | D:2      | Found a shimmering altar of Xom.
  1397 | D:2      | Reached XP level 3. HP: 8/29 MP: 4/4
  1601 | D:2      | Found a glowing golden altar of the Shining One.
  1963 | D:2      | Found a shadowy altar of Dithmenos.
  2087 | D:3      | Noticed Terence
  2112 | D:2      | Gained mutation: You are somewhat resistant to further mutation. [potion of mutation]
  2139 | D:3      | Killed Terence
  2139 | D:3      | Reached skill level 3 in Unarmed Combat
  2394 | D:3      | Reached XP level 4. HP: 28/36 MP: 5/5
  2588 | D:3      | Reached skill level 4 in Unarmed Combat
  2598 | D:3      | Noticed an ogre
  2632 | D:3      | Mangled by an ogre

Vault maps used:
D:1:      dpeg_arrival_rooms_with_view, wad_floor_pattern_2
D:2:      lemuel_doored_altar, nicolae_overflow_crystal_walls, xom_teletrap_fun
D:3:      st_stairs_9, uniq_terence, uniq_robin

Skill      XL: |  1  2  3  4 |
---------------+-------------+-----
Unarmed Combat | 1 2 3 4 |  4.1
Fighting       | |  2.1
Polearms       | |  1.0
Staves         | |  1.0
Dodging        | |  2.6
Stealth        | |  1.0
Evocations     | |  2.0

Action                   |  1- 3 |  4- 6 || total
-------------------------+-------+-------++-------
Melee: Unarmed           |   174 |    39 ||   213
       Tailslap          |    16 |     5 ||    21
       Punch             |     2 |       ||     2
Evoke: Wand              |       |     3 ||     3
  Use: Scroll            |     3 |       ||     3
       Potion            |     2 |       ||     2
  Eat: Chunk             |     5 |     1 ||     6
Armor: Skin              |    38 |    11 ||    49
Dodge: Dodged            |    95 |    33 ||   128
